 Dungeon Crawl Stone Soup version 0.24.0-1-gfbc8707 (webtiles) character file.

Game seed: 14050558298550965036, levelgen mode: deterministic

84 Buxparty the Ducker (level 4, -2/34 HPs)
             Began as a Mummy Gladiator on Jan 5, 2020.
             Slain by a gnoll
             ... wielding a +0 spear
              (3 damage)
             ... on level 3 of the Dungeon.
             The game lasted 00:03:33 (1729 turns).

Buxparty the Ducker (Mummy Gladiator)               Turns: 1729, Time: 00:03:35

Health: -2/34      AC:  6    Str: 17    XL:     4   Next: 24%
Magic:  4/4        EV: 13    Int:  7    God:
Gold:   117        SH:  0    Dex: 14    Spells: 3/3 levels left

rFire    x . .     SeeInvis .   a - +0 long sword
rCold    + . .     Gourm    .   (no shield)
rNeg     + + +     Faith    .   k - +1 leather armour {rPois}
rPois    ∞         Spirit   .   c - +0 helmet
rElec    .         Reflect  .   j - +0 cloak
rCorr    .         Harm     .   (no gloves)
MR       .....                  (no boots)
Stlth    ++........             (no amulet)
HPRegen  0.11/turn              i - ring of stealth
MPRegen  0.09/turn              (no ring)

@: about to teleport
A: no food or potions, fire vulnerability, cold resistance 1, negative energy
resistance 3, torment resistance, unbreathing
a: no special abilities


You were on level 3 of the Dungeon.
You were not hungry.

You visited 1 branch of the dungeon, and saw 3 of its levels.

You collected 117 gold pieces.

Inventory:

Hand Weapons
 a - a +0 long sword (weapon)
Missiles
 d - 3 throwing nets (quivered)
Armour
 b - a +0 leather armour
 c - a +0 helmet (worn)
 j - a +0 cloak (worn)
 k - a +1 leather armour of poison resistance (worn)
Jewellery
 i - a ring of stealth (left hand)
Scrolls
 e - a scroll of immolation {unknown}
 f - 2 scrolls of teleportation
 g - 3 scrolls of identify
 h - a scroll of blinking {unknown}
 l - a scroll of remove curse
 m - 2 scrolls of amnesia {unknown}
 o - 2 scrolls of enchant weapon {unknown}


   Skills:
 + Level 2.6 Fighting
 + Level 2.8 Long Blades
 + Level 2.1 Throwing
 + Level 1.1 Armour
 + Level 2.9 Dodging


You had 3 spell levels left.
You didn't know any spells.
Your spell library was empty.

Dungeon Overview and Level Annotations

Branches:
Dungeon (3/15)

Altars:
Dithmenos
Okawaru
Qazlal

Annotations:
D:3 3 runed translucent doors, Screwby's ghost, amateur HOMo


Innate Abilities, Weirdness & Mutations

You do not eat or drink.
Your flesh is vulnerable to fire.
You are immune to poison.
Your flesh is cold resistant. (rC+)
You are immune to negative energy. (rN+++)
You are immune to unholy pain and torment.
You can survive without breathing.


Message History

As you read the scroll of teleportation, it crumbles to dust.
You feel strangely unstable.
A ball python comes into view.
The orc wizard points at you and mumbles some strange words.
The magic dart hits you but does no damage.
The gnoll hits you from afar with a +0 spear.
The gnoll barely misses you.
You hit the gnoll.
The gnoll is heavily wounded.
The gnoll hits you from afar with a +2 spear of piercing.
The orc wizard casts a spell at you.
The magic dart hits you but does no damage.
The gnoll closely misses you. The gnoll hits you with a +0 whip.
You barely miss the orc wizard.
The orc wizard is moderately wounded.
The gnoll hits you from afar with a +2 spear of piercing!
* * * LOW HITPOINT WARNING * * *
x2 The orc wizard hits you but does no damage.
The gnoll hits you from afar with a +0 spear.
You die...

#K #K#.⌠# ..#
#K#KKK#.#
....=##########WKKK.##
....o.o@ggJ...##+++##.
....So###g.##......(
.##.# ##..###.#.#### #
##..##.....o##
##.<.........
###......### #......#
#......# #......#


You could see an orc priest, an orc wizard, 3 gnolls, an ooze, an orc and a ball
python.

Vanquished Creatures
  A howler monkey (D:2)
  An adder (D:2)
  A worm (D:2)
  6 dart slugs
  A bat (D:1)
  2 giant cockroaches
  2 goblins (D:1)
  A hobgoblin (D:1)
  3 jackals (D:1)
  A ball python (D:1)
  2 kobolds
  3 rats
24 creatures vanquished.

Notes
Turn   | Place    | Note
-------+----------+-------------------------------------------
     0 | D:1      | Buxparty the Mummy Gladiator began the quest for the Orb.
     0 | D:1      | Reached XP level 1. HP: 16/16 MP: 1/1
   275 | D:1      | Reached XP level 2. HP: 22/22 MP: 2/2
   951 | D:2      | Reached XP level 3. HP: 28/28 MP: 3/3
  1039 | D:2      | Found a shadowy altar of Dithmenos.
  1085 | D:2      | Noticed an earth elemental
  1087 | D:2      | Found a stormy altar of Qazlal.
  1088 | D:2      | Noticed a water elemental
  1088 | D:2      | Noticed an air elemental
  1088 | D:2      | Noticed a fire elemental
  1250 | D:2      | Found an iron altar of Okawaru.
  1261 | D:2      | Reached skill level 1 in Armour
  1261 | D:2      | Reached XP level 4. HP: 24/34 MP: 4/4
  1712 | D:3      | Found a runed translucent gate.
  1712 | D:3      | Found a runed translucent gate.
  1712 | D:3      | Noticed Screwby's ghost (amateur HOMo)
  1712 | D:3      | Identified the +10 whip "Tiym" {venom, rC++ Int+4}
  1712 | D:3      | Noticed a big kobold
  1713 | D:3      | Found a runed translucent gate.
  1729 | D:3      | HP: 1/34 [gnoll/+2 spear of piercing (1)]
  1729 | D:3      | Slain by a gnoll

Levels and vault maps discovered:
D:1:      tarquinn_simple_flora_water_a, layout_basic, minmay_quantized
D:2:      layout_loops_corners, lemuel_doored_altar,
          nicolae_qazlal_style_of_elements, first_ration, okawaru_gym_becter
D:3:      layout_rooms, zin_angel, gammafunk_ghost_nasty_kobolds

Skill      XL: |  1  2  3 |
---------------+----------+-----
Throwing       | 2 |  2.1
Armour         | 1 |  1.1
Fighting       | |  2.6
Long Blades    | |  2.8
Dodging        | |  2.9

Action                   |  1- 3 |  4- 6 || total
-------------------------+-------+-------++-------
Melee: Long sword        |    52 |    11 ||    63
  Use: Scroll            |       |     4 ||     4
 Stab: Sleeping          |     3 |     1 ||     4
Armor: Leather armour    |     8 |     4 ||    12
Dodge: Dodged            |    37 |     6 ||    43
       Rpst.: Long sword |    12 |     1 ||    13
